 Dungeon Sprint DCSS version 0.18-a0-124-g4fdfa27 (webtiles) character file.

35 Kidiri the Sneak (level 3, 0/18 HPs)
             Began as a Spriggan Enchanter on Nov 20, 2015.
             Slain by a wolf (7 damage)
             ... in the Dungeon (Sprint III: "The Ten Rune Challenge").
             The game lasted 00:01:20 (143 turns).

Kidiri the Sneak (Spriggan Enchanter)                Turns: 143, Time: 00:01:21

Health: 0/18       AC:  4    Str:  4    XL:     3   Next: 17%
Magic:  0/9        EV: 20    Int: 16    God:
Gold:   12         SH:  0    Dex: 17    Spells: 4 memorised, 1 level left

rFire  . . .     SeeInvis +     a - +1 dagger
rCold  . . .     Clarity  .     k - +2 robe {rN+}
rNeg   + . .     SustAt   .     (shield restricted)
rPois  .         Gourm    .     (helmet restricted)
rElec  .         Spirit   .     (no cloak)
rCorr  .         Warding  .     (gloves unavailable)
rMut   .         NoTele   +     (boots unavailable)
MR     .....                    (no amulet)
Stlth  ++++......               (no ring)
                                (no ring)

@: very quick, not resistant to hostile enchantments, stealthy
A: unfitting armour, see invisible, herbivore 3, speed 3, slow metabolism 2
a: no special abilities


You were in the Dungeon.
You were not hungry.

You visited 1 branch You collected 12 gold pieces.

Inventory:

Hand Weapons
 a - a +1 dagger (weapon)
Armour
 b - a +1 robe
 k - a +2 robe of positive energy (worn)
Scrolls
 j - a scroll of blinking
Potions
 e - a potion of curing
 f - a potion of heal wounds
 g - a potion of haste
 h - 2 potions of magic
 i - a potion of berserk rage
Books
 c - a book of Maledictions

   Spells                             Type                      Level
   a - Corona                         Hexes                        1
   b - Ensorcelled Hibernation        Hexes/Ice                    2
   c - Confuse                        Hexes                        3
   d - Tukima's Dance                 Hexes                        3
   e - Dazzling Spray                 Conjuration/Hexes            3
Comestibles
 d - a bread ration


   Skills:
 + Level 1.2 Fighting
 * Level 2.9 Short Blades
 + Level 1.0 Armour
 * Level 4.6 Dodging
 * Level 6.1 Stealth
 * Level 4.1 Spellcasting
 + Level 4.2 Hexes
 + Level 0.7 Ice Magic


You had one spell level left.
You knew the following spells:

 Your Spells              Type           Power        Failure   Level  Hunger
a - Corona                Hex            ###....      3%          1    None
b - Ensorcelled Hibernat  Hex/Ice        ##....       10%         2    ##.....
c - Confuse               Hex            ###.....     12%         3    ###....
d - Tukima's Dance        Hex            ###.....     12%         3    ###....


Dungeon Overview and Level Annotations

Branches:
Dungeon (1/1)

Altars:


Innate Abilities, Weirdness & Mutations

You are tiny and cannot use many weapons and most armour.
You have supernaturally acute eyesight.
You are a herbivore.
You cover ground extremely quickly.
You need consume almost no food.


Message History

Confirm with . or Enter, or press ? or * to list all spells.
Aiming: Ensorcelled Hibernation
Press: ? - help, Shift-Dir - straight line, f/p - wolf
Aim: a wolf (lightly wounded, chance to defeat MR: 42%)
The wolf resists with some effort.
The wolf misses you. The wolf completely misses you.
Casting: Ensorcelled Hibernation
Confirm with . or Enter, or press ? or * to list all spells.
Aiming: Ensorcelled Hibernation
Press: ? - help, Shift-Dir - straight line, f/p - wolf
Aim: a wolf (lightly wounded, chance to defeat MR: 42%)
The wolf resists with some effort.
The wolf bites you but does no damage. The wolf barely misses you.
Casting: Ensorcelled Hibernation
Confirm with . or Enter, or press ? or * to list all spells.
Aiming: Ensorcelled Hibernation
Press: ? - help, Shift-Dir - straight line, f/p - wolf
Aim: a wolf (lightly wounded, chance to defeat MR: 42%)
The wolf resists with some effort.
The wolf bites you!
You die...

▓▓▓▓▓▓▓▓▓
▓<..#...####
▓...#......##
▓..##.....).# ..#
▓##.##.##...# ..#
##.##.###..# #..#
▓#.####h##..# ...+
▓.###.@##..####...#
▓#.....##.p###p...#
###..##...##.....#
##..##....#......#
#..###..##.#.....#
#%.# #..#####....#
▓▓▓▓ ▓▓▓▓ ▓▓▓▓▓▓


You could see a wolf.

Vanquished Creatures
  Jessica (D)
  2 oozes (D)
3 creatures vanquished.

Vanquished Creatures (others)
  A yaktaur (D)
1 creature vanquished.

Grand Total: 4 creatures vanquished

Notes
Turn   | Place    | Note
--------------------------------------------------------------
     0 | D        | Kidiri the Spriggan Enchanter began the quest for the Orb.
     0 | D        | Reached XP level 1. HP: 9/9 MP: 5/5
     9 | D        | Reached skill level 5 in Stealth
    11 | D        | Reached XP level 2. HP: 14/14 MP: 7/7
    17 | D        | Learned a level 2 spell: Ensorcelled Hibernation
    27 | D        | Noticed Jessica
    34 | D        | Killed Jessica
    34 | D        | Reached skill level 1 in Fighting
    34 | D        | Reached skill level 1 in Armour
    34 | D        | Reached skill level 6 in Stealth
    34 | D        | Reached XP level 3. HP: 18/18 MP: 1/9
    39 | D        | Learned a level 3 spell: Confuse
    43 | D        | Learned a level 3 spell: Tukima's Dance
    87 | D        | Killed a yaktaur
   143 | D        | Slain by a wolf

Vault maps used:
D:        dungeon_sprint_mu

Action                   || total
-------------------------++-------
Melee: Dagger            ||     5
 Cast: Ensorcelled Hiber ||     7
 Stab: Sleeping          ||     3
